 Dungeon Crawl Stone Soup version 0.28-a0-43-g560ac104fe (webtiles) character file.

Game seed: 7473978265757516195

613 Demosthentine the Poker (level 7, -10/55 HPs)
             Began as a Merfolk Gladiator on July 28, 2021.
             Mangled by a two-headed ogre (23 damage)
             ... on level 5 of the Dungeon.
             The game lasted 00:04:04 (6227 turns).

Demosthentine the Poker (Merfolk Gladiator)         Turns: 6227, Time: 00:04:04

Health: -10/55     AC:  9    Str: 16    XL:     7   Next: 44%
Magic:  7/7        EV: 16    Int:  7    God:
Gold:   204        SH:  0    Dex: 22    Spells: 6/6 levels left

rFire   . . .      SeeInvis .   a - +1 trident
rCold   . . .      Faith    .   (no shield)
rNeg    . . .      Spirit   .   b - +0 leather armour
rPois   .          Reflect  .   c - +0 helmet
rElec   .          Harm     .   o - +1 cloak
rCorr   .          Rampage  .   e - +2 pair of gloves
Will    .....                   (no boots)
Stlth   ++........              (no amulet)
HPRegen 0.18/turn               m - +6 ring of dexterity
MPRegen 0.10/turn               (no ring)

@: no status effects
A: (nimble swimmer 2), mertail
a: no special abilities


You were on level 5 of the Dungeon.
You visited 2 branches of the dungeon, and saw 7 of its levels.

You collected 204 gold pieces.

Inventory:

Hand Weapons
 a - a +1 trident (weapon)
Missiles
 d - a throwing net (quivered)
Armour
 b - a +0 leather armour (worn)
 c - a +0 helmet (worn)
 e - a +2 pair of gloves (worn)
 o - a +1 cloak (worn)
Jewellery
 m - a +6 ring of dexterity (left hand)
Wands
 k - a wand of paralysis (10)
 n - a wand of flame (14)
 p - a wand of mindburst (18)
Scrolls
 r - 2 scrolls of teleportation
Potions
 f - a potion of heal wounds
 g - a potion of lignification
 h - 5 potions of curing
 i - a potion of mutation
 j - 2 potions of haste
 l - a potion of might
 s - a potion of attraction
 t - a potion of invisibility
 u - a potion of berserk rage {unknown}


   Skills:
 + Level 4.7 Fighting
 + Level 7.1 Polearms
 - Level 2.0 Throwing
 + Level 2.6 Armour
 + Level 6.5 Dodging


You had 6 spell levels left.
You didn't know any spells.
Your spell library contained the following spells:

 Spells                   Type           Power      Damage    Failure   Level
 Animate Skeleton         Necr           0%         N/A       50%         1
 Foxfire                  Conj/Fire      0%         2x1d4     50%         1
 Pain                     Necr           0%         1d4       50%         1
 Blink                    Tloc           N/A        N/A       63%         2
 Conjure Flame            Conj/Fire      0%         6-21      86%         3
 Inner Flame              Hex/Fire       0%         N/A       86%         3
 Stone Arrow              Conj/Erth      0%         3d7       86%         3
 Vampiric Draining        Necr           0%         2d6       86%         3
 Animate Armour           Summ/Erth      0%         N/A       99%         4
 Passage of Golubria      Tloc           N/A        N/A       99%         4
 Manifold Assault         Tloc           0%         N/A       100%        5
 Silence                  Hex/Air        0%         N/A       100%        5
 Storm Form               Tmut/Air       0%         N/A       100%        7
 Lehudib's Crystal Spear  Conj/Erth      0%         10d2      100%        8


Dungeon Overview and Level Annotations

Branches:
Dungeon (6/15)             Temple (1/1) D:4

Altars:
Ashenzari
Cheibriados
Gozag
Hepliaklqana
Kikubaaqudgha
Makhleb
Nemelex Xobeh
Okawaru
Qazlal
Ru
Trog
Uskayaw
Vehumet
Wu Jian

Shops:
D:5 *


Innate Abilities, Weirdness & Mutations

((You are quick and stealthy near water. (Stealth+, EV+, Speed+++)))
Your lower body shifts to a powerful aquatic tail in water.


Message History

The two-headed ogre hits you but does no damage.
The two-headed ogre hits you with a +0 giant club!!
The water moccasin zombie bites you.
You climb upwards.
There is a stone staircase leading down here.
Unknown command.
Throw: 2 throwing nets
Press: ? - help, Q - select action, (/) - cycle Shift-Dir - straight line, f - two-headed ogre
Aim: a two-headed ogre, wielding two +0 giant clubs (moderately wounded, 79% to hit)
You throw a throwing net.
The throwing net hits the two-headed ogre.
The two-headed ogre is caught in the net!
The two-headed ogre is moderately wounded.
The two-headed ogre struggles against the net.
You puncture the two-headed ogre!
The two-headed ogre is moderately wounded.
The two-headed ogre struggles against the net.
You strike the helpless two-headed ogre from behind!
You hit the two-headed ogre.
The two-headed ogre is heavily wounded.
The two-headed ogre struggles against the net.
You hit the two-headed ogre but do no damage.
The two-headed ogre is heavily wounded.
The two-headed ogre struggles against the net.
You strike the helpless two-headed ogre from behind!
You hit the two-headed ogre.
The two-headed ogre is heavily wounded.
The two-headed ogre struggles against the net.
The net rips apart, and the two-headed ogre comes free!
You hit the two-headed ogre.
The two-headed ogre is heavily wounded.
You puncture the two-headed ogre!
The two-headed ogre is severely wounded.
The two-headed ogre hits you with a +0 giant club!
* * * LOW HITPOINT WARNING * * *
The two-headed ogre misses you.
You hit the two-headed ogre.
The two-headed ogre is severely wounded.
The two-headed ogre hits you with a +0 giant club!!
You die...

## ###..### ###...# #####
###......### ##.†####
....#####..........###..##
.(..................>..##
......................##
...................#..#
...................##.##
................O...#..#
..##.##...#.....@......#
..#...#.####...#.......##
..#...#..###..####......##
..#)..#(......# #.......##
..#._.#.......#####...##..##
..#...#....................#
..#...#.................####
..#...#.##..#######..####
..#####.#....# #..#


You could see a two-headed ogre.

Vanquished Creatures
  2 necrophages (D:5)
  A bullfrog skeleton (D:5)
  A jelly (D:5)
  A hound (D:5)
  Crazy Yiuf (D:2)
  2 centaur skeletons
  Terence (D:2)
  An orc wizard (D:4)
  A statue (D:5)
  4 gnolls (D:3)
  4 adders
  A shadow imp (D:5)
  4 worms
  2 dart slugs
  10 orcs
  2 ball pythons
  4 bats
  A bat zombie (D:4)
  4 endoplasms
  A giant cockroach (D:2)
  8 hobgoblins
  11 jackals
  4 quokkas
  4 frilled lizards
  12 goblins
  4 kobolds
  5 rats
  A rat zombie (D:4)
97 creatures vanquished.

Vanquished Creatures (others)
  18 plants (D:3)
18 creatures vanquished.

Grand Total: 115 creatures vanquished

Notes
Turn   | Place    | Note
-------+----------+-------------------------------------------
     0 | D:1      | Demosthentine the Merfolk Gladiator began the quest for the
                  | Orb.
     0 | D:1      | Reached XP level 1. HP: 16/16 MP: 1/1
   341 | D:1      | Reached XP level 2. HP: 23/23 MP: 2/2
   894 | D:1      | Reached XP level 3. HP: 17/28 MP: 3/3
  1397 | D:2      | Reached skill level 5 in Polearms
  1541 | D:2      | Reached skill level 1 in Armour
  1729 | D:2      | Reached XP level 4. HP: 34/34 MP: 4/4
  1768 | D:2      | Found a runed translucent door.
  1769 | D:2      | Noticed Crazy Yiuf
  1800 | D:2      | Noticed Terence
  1816 | D:2      | Killed Terence
  2471 | D:2      | Killed Crazy Yiuf
  2472 | D:2      | Reached skill level 5 in Dodging
  2472 | D:2      | Reached XP level 5. HP: 22/41 MP: 5/5
  2942 | D:3      | Reached skill level 6 in Polearms
  3191 | D:3      | Reached XP level 6. HP: 47/47 MP: 6/6
  3564 | D:4      | Found a staircase to the Ecumenical Temple.
  3623 | Temple   | Entered the Ecumenical Temple
  4720 | D:4      | Found an ancient bone altar of Kikubaaqudgha.
  4772 | D:5      | Entered Level 5 of the Dungeon
  4781 | D:5      | Found a snail-covered altar of Cheibriados.
  4920 | D:5      | Found Puypsukk's Lightly-Used Armoury.
  4941 | D:5      | Noticed a necrophage
  4957 | D:5      | Killed a necrophage
  5061 | D:5      | Reached XP level 7. HP: 50/55 MP: 7/7
  5187 | D:5      | Reached skill level 7 in Polearms
  5417 | D:5      | Found a radiant altar of Vehumet.
  5866 | D:5      | Found a bloodstained altar of Trog.
  5954 | D:5      | Found a sparkling altar of Nemelex Xobeh.
  6206 | D:6      | Noticed a two-headed ogre
  6227 | D:5      | Mangled by a two-headed ogre

Illustrated notes

Levels and vault maps discovered:
D:1:      dpeg_arrival_tiny_g, layout_basic
D:2:      layout_loops_ring, minmay_misc_feat_chi, minmay_goblin_kobold_house,
          uniq_crazy_yiuf_cottage, uniq_terence
D:3:      layout_basic, serial_bayou, serial_bayou_lake_a,
          serial_bayou_crossing, serial_bayou_pond_e, serial_bayou_ford_a,
          serial_bayou_pond_d
D:4:      layout_gridville, lemuel_zombie_altar_kikubaaqudgha, temple_doors_e
D:5:      layout_layer_cave, nemelex_spade_bored_becter, trog_hazing_becter,
          mainiacjoe_overflow_catwalk, vehumet_statue, minmay_shop_damaged,
          minmay_misc_feat_iff, nrook_pool_corridor,
          hangedman_decor_clover_reticule
D:6:      layout_cave_pools, kennysheep_little_box, portal_sewer_entry_f
Temple:   jpeg_temple_island

Skill      XL: |  1  2  3  4  5  6  7 |
---------------+----------------------+-----
Polearms       | 5 6 7 |  7.1
Armour         | 1 2 |  2.6
Fighting       | 3 4 |  4.7
Dodging        | 5 6 |  6.5
Throwing       | |  2.0

Action                   |  1- 3 |  4- 6 |  7- 9 || total
-------------------------+-------+-------+-------++-------
Melee: Trident           |   126 |   153 |    67 ||   346
       Tailslap          |       |     3 |       ||     3
Throw: Throwing net      |       |     1 |     3 ||     4
  Use: Scroll            |     3 |     6 |     8 ||    17
 Stab: Sleeping          |     1 |     5 |       ||     6
       Held in net/web   |       |     2 |     2 ||     4
       Distracted        |       |     1 |       ||     1
Armor: Leather armour    |    30 |    28 |    10 ||    68
Dodge: Dodged            |    85 |    75 |    27 ||   187

Table legend: (Time is in decaauts)
 A = Elapsed time spent in this place.
 B = Non-inter-level travel time spent in this place.
 C = Inter-level travel time spent in this place.
 D = Time resting spent in this place.
 E = Time spent auto-exploring this place.
 F = Levels seen in this place.
 G = Mean time per level.
                   A        B        C        D        E       F      G
               +--------+--------+--------+--------+--------+-----+--------+
         Total |   6034 |   5848 |    186 |    153 |   4986 |   7 |  862.0 |
       Dungeon |   5729 |   5544 |    185 |    153 |   4702 |   6 |  954.8 |
        Temple |    304 |    304 |      0 |      0 |    284 |   1 |  304.0 |
               +--------+--------+--------+--------+--------+-----+--------+

Top non-repeatable levels by time:
     D:5: 1431 daAuts
     D:1: 1400 daAuts
     D:2: 1229 daAuts
     D:4: 1038 daAuts
     D:3: 618 daAuts
  Temple: 304 daAuts
     D:6: 12 daAuts
